 Dungeon Crawl Stone Soup version 0.27-a0-445-gbe96e517c0 (webtiles) character file.

Game seed: 3122260307063438051

225 EnegeticOcto the Grave Robber (level 5, 0/35 HPs)
             Began as a Mummy Necromancer on Feb 27, 2021.
             Slain by a centaur skeleton (2 damage)
             ... on level 3 of the Dungeon.
             The game lasted 00:05:16 (3562 turns).

EnegeticOcto the Grave Robber (Mummy Necromancer)   Turns: 3562, Time: 00:05:17

Health: 0/35       AC:  5    Str: 12    XL:     5   Next: 68%
Magic:  11/11      EV: 12    Int: 21    God:
Gold:   123        SH:  0    Dex: 18    Spells: 7/12 levels left

rFire    x . .     SeeInvis .   e - +1 dagger (venom)
rCold    + . .     Faith    .   (no shield)
rNeg     + + +     Spirit   .   a - +0 robe
rPois    ∞         Reflect  .   (no helmet)
rElec    .         Harm     .   l - +2 cloak
rCorr    .         Rampage  .   (no gloves)
Will     .....                  (no boots)
Stlth    ++........             (no amulet)
HPRegen  0.11/turn              f - +6 ring of intelligence
MPRegen  0.12/turn              m - +6 ring of dexterity

@: no status effects
A: no potions, fire vulnerability, cold resistance 1, negative energy resistance
3, torment resistance, unbreathing
a: no special abilities


You were on level 3 of the Dungeon.
You visited 1 branch of the dungeon, and saw 3 of its levels.

You collected 123 gold pieces.

Inventory:

Hand Weapons
 b - a +0 short sword
   (You took it off a kobold on level 1 of the Dungeon)
 e - a +1 dagger of venom (weapon)
   (You took it off a kobold on level 1 of the Dungeon)
Missiles
 j - 39 poisoned darts
Armour
 a - a +0 robe (worn)
 l - a +2 cloak (worn)
   (You found it on level 2 of the Dungeon)
Jewellery
 f - a +6 ring of intelligence (left hand)
   (You found it on level 1 of the Dungeon)
 m - a +6 ring of dexterity (right hand)
   (You found it on level 3 of the Dungeon)
Scrolls
 c - a scroll of enchant armour {unknown}
 d - a scroll of magic mapping {unknown}
 g - a scroll of amnesia
 h - 3 scrolls of teleportation {@r3 !r}
 i - a scroll of fear {!r}
 k - a scroll of blinking {unknown}


   Skills:
 - Level 1.5 Dodging
 - Level 1.5 Stealth
 - Level 4.0 Spellcasting
 + Level 6.5 Necromancy


You had 7 spell levels left.
You knew the following spells:

 Your Spells              Type           Power        Failure   Level
a - Pain                  Necr           100%         1%          1
b - Vampiric Draining     Necr           15%          2%          3
c - Animate Skeleton      Necr           62%          1%          1

Your spell library contained the following spells:

 Spells                   Type           Power        Failure   Level
 Animate Dead             Necr           15%          8%          4
 Agony                    Necr           31%          22%         5


Dungeon Overview and Level Annotations

Branches:
Dungeon (3/15)

Altars:
Okawaru
Trog


Innate Abilities, Weirdness & Mutations

You do not drink.
Your flesh is vulnerable to fire.
You are immune to poison.
Your flesh is cold resistant. (rC+)
You are immune to negative energy. (rN+++)
You are immune to unholy pain and torment.
You can survive without breathing.


Message History

The ogre writhes in agony!
You barely miss the ogre.
The ogre is severely wounded.
The ogre hits you with a +0 giant club!!
Ouch! That really hurt!
Things that are here:
a +0 flail; a +0 leather armour
Casting: Pain (safe; 1% risk of failure)
Confirm with . or Enter, or press ? or * to list all spells.
Aiming: Vampiric Draining (dangerous; 3% risk of failure)
Press: ? - help, Shift-Dir - straight line, f/p - ogre
Aim: an ogre, wielding a +0 giant club (severely wounded)
The ogre is almost dead.
You feel life coursing into your body. The ogre completely misses you.
Casting: Vampiric Draining (dangerous; 3% risk of failure)
Confirm with . or Enter, or press ? or * to list all spells.
Aiming: Vampiric Draining (dangerous; 3% risk of failure)
Press: ? - help, Shift-Dir - straight line, f/p - ogre
Aim: an ogre, wielding a +0 giant club (almost dead)
The ogre is almost dead.
You feel life coursing into your body.
Casting: Vampiric Draining (dangerous; 3% risk of failure)
Confirm with . or Enter, or press ? or * to list all spells.
You don't have enough magic to cast this spell.
Unknown command.
There is a stone staircase leading up here.
The ogre closely misses you.
Casting: Vampiric Draining (dangerous; 3% risk of failure)
Confirm with . or Enter, or press ? or * to list all spells.
Aiming: Pain (safe; 1% risk of failure)
Press: ? - help, Shift-Dir - straight line, f/p - ogre
Aim: an ogre, wielding a +0 giant club (almost dead, chance to affect: 84%)
The ogre writhes in agony.
You kill the ogre!
Your Necromancy skill increases to level 6!
HP restored.
You see here a +0 giant club.
There is a stone staircase leading up here.
Things that are here:
a +0 flail; a +0 leather armour You see here a goblin skeleton.
A frilled lizard comes into view.
The frilled lizard moves out of view.
The frilled lizard hisses angrily.
A frilled lizard is nearby!
Casting: Pain (safe; 1% risk of failure)
Confirm with . or Enter, or press ? or * to list all spells.
Aiming: Pain (safe; 1% risk of failure)
Press: ? - help, Shift-Dir - straight line, f - frilled lizard
Aim: a frilled lizard (chance to affect: 93%)
The frilled lizard writhes in agony.
You kill the frilled lizard!
Found a ring mail.
Found an escape hatch in the ceiling.
Found an escape hatch in the floor.
A centaur skeleton comes into view.
A centaur skeleton is nearby!
Unknown command.
Unknown command.
There is an escape hatch in the ceiling here.
Okay, then.
You hit the centaur skeleton.
The centaur skeleton is lightly damaged.
The centaur skeleton hits you. The centaur skeleton barely misses you.
You hit the centaur skeleton.
The centaur skeleton is lightly damaged.
The centaur skeleton hits you.
You hit the centaur skeleton.
The centaur skeleton is moderately damaged.
The centaur skeleton closely misses you.
You hit the centaur skeleton.
The centaur skeleton is moderately damaged.
The centaur skeleton misses you. The centaur skeleton barely misses you.
You hit the centaur skeleton.
The centaur skeleton is moderately damaged.
The centaur skeleton hits you.
You are too injured to fight recklessly!
You hit the centaur skeleton.
The centaur skeleton is heavily damaged.
The centaur skeleton barely misses you.
You hit the centaur skeleton.
The centaur skeleton is heavily damaged.
The centaur skeleton hits you.
You hit the centaur skeleton.
The centaur skeleton is severely damaged.
The centaur skeleton hits you.
The centaur skeleton closely misses you.
You hit the centaur skeleton.
The centaur skeleton is severely damaged.
The centaur skeleton hits you.
You hit the centaur skeleton.
The centaur skeleton is almost destroyed.
The centaur skeleton hits you.
* * * LOW HITPOINT WARNING * * *
You hit the centaur skeleton.
The centaur skeleton is almost destroyed.
The centaur skeleton hits you.
* * * LOW HITPOINT WARNING * * *
The centaur skeleton hits you.
You die...

.. ##≈#..# #.## #.#
#≈#..#####.## ###.###
#..........
#.....###.####.....
##......#######.#.#.
.....................
####......######.#...
#......# #.....
#@Z....# ###.#.
###.##.# #.## #.##.#
### ....Z.>....# ...
#######.#### .o. #.#
#.# #.# #.# ..#
#.#### ###


You could see a centaur skeleton.

Vanquished Creatures
  An ogre (D:3)
  An orc wizard (D:3)
  4 gnolls (D:2)
  An adder (D:2)
  6 leopard geckos
  2 orcs (D:3)
  7 bats
  3 giant cockroaches
  9 goblins
  4 hobgoblins
  8 jackals (D:1)
  3 ball pythons
  5 frilled lizards
  6 kobolds
  5 rats
65 creatures vanquished.

Notes
Turn   | Place    | Note
-------+----------+-------------------------------------------
     0 | D:1      | EnegeticOcto the Mummy Necromancer began the quest for the
                  | Orb.
     0 | D:1      | Reached XP level 1. HP: 13/13 MP: 4/4
    45 | D:1      | Reached skill level 3 in Spellcasting
   112 | D:1      | Reached XP level 2. HP: 9/19 MP: 0/6
   889 | D:1      | Reached XP level 3. HP: 22/24 MP: 5/8
   904 | D:1      | Learned a level 3 spell: Vampiric Draining
   906 | D:1      | Learned a level 1 spell: Animate Skeleton
  1453 | D:2      | Found an iron altar of Okawaru.
  1454 | D:2      | Found a bloodstained altar of Trog.
  1613 | D:2      | Reached skill level 4 in Spellcasting
  1912 | D:2      | Reached skill level 5 in Necromancy
  2048 | D:2      | Reached XP level 4. HP: 30/30 MP: 7/10
  2445 | D:3      | Noticed an ogre
  2996 | D:3      | Reached XP level 5. HP: 35/35 MP: 8/11
  3284 | D:3      | Killed an ogre
  3285 | D:3      | Reached skill level 6 in Necromancy
  3562 | D:3      | Slain by a centaur skeleton

Illustrated notes

Levels and vault maps discovered:
D:1:      zelgadis_glass_arrival_small, layout_basic, minivault_19, minivault_19
D:2:      layout_loops_corners, gammafunk_temple_overflow_statue
D:3:      layout_loops_ring, serial_rivers, chequers_serial_rivers_micro_c,
          chequers_serial_rivers_room_b, chequers_serial_rivers_large_a,
          chequers_serial_rivers_micro_a, chequers_ecumenical_altar_twisty,
          uniq_crazy_yiuf_cottage

Skill      XL: |  1  2  3  4  5 |
---------------+----------------+-----
Spellcasting   | 3 4 |  4.0
Necromancy     | 5 6 |  6.5
Dodging        | |  1.5
Stealth        | |  1.5

Action                   |  1- 3 |  4- 6 || total
-------------------------+-------+-------++-------
Melee: Unarmed           |    13 |       ||    13
       Short sword       |     5 |       ||     5
       Dagger            |    24 |    15 ||    39
 Cast: Pain              |    69 |    33 ||   102
       Vampiric Draining |       |     2 ||     2
  Use: Scroll            |     2 |     1 ||     3
 Stab: Sleeping          |     2 |       ||     2
Armor: Robe              |    12 |       ||    12
Dodge: Dodged            |    48 |    10 ||    58

Table legend: (Time is in decaauts)
 A = Elapsed time spent in this place.
 B = Non-inter-level travel time spent in this place.
 C = Inter-level travel time spent in this place.
 D = Time resting spent in this place.
 E = Time spent auto-exploring this place.
 F = Levels seen in this place.
 G = Mean time per level.
                   A        B        C        D        E       F      G
               +--------+--------+--------+--------+--------+-----+--------+
         Total |   3565 |   3467 |     98 |    702 |   2295 |   3 | 1188.3 |
       Dungeon |   3565 |   3467 |     98 |    702 |   2295 |   3 | 1188.3 |
               +--------+--------+--------+--------+--------+-----+--------+

Top non-repeatable levels by time:
     D:1: 1415 daAuts
     D:2: 1414 daAuts
     D:3: 736 daAuts
